Harfangs vs Monarchs

Created - April 30, 2019 at 21:48

Goals
1 2 3 T
Harfangs 3 1 2 6
Monarchs 2 1 1 4
Shots
1 2 3 T
Harfangs 13 8 19 40
Monarchs 15 5 10 30

1st period

1. Harfangs , Tomas Kubalik 33 (Dustin Jeffrey 15, Oscar Sundqvist 26) at 2:06
2. Monarchs , Craig Smith 47 (Daultan Leveillé 43, Zac Leslie 9) at 6:27
3. Harfangs , Andreas Martinsen 25 (Calle Jarnkrok 53, Steve McCarthy 21) at 10:23
4. Harfangs , Brock Nelson 14 (Calle Jarnkrok 54) at 15:31
5. Monarchs , Bo Horvat 15 (Taylor Beck 41, Zac Leslie 10) at 17:46

Penalties :
No Penalty

2nd period

6. Monarchs , Eric Fehr 28 (Tom Wilson 21) at 1:11
7. Harfangs , Jimmy Hayes 62 (Steve McCarthy 22, Calle Jarnkrok 55) at 6:25 (PP)

Penalties :
Garnet Hathaway (BEA) for Tripping (Minor) at 2:00, Jujhar Khaira (MAN) for Hooking (Minor) at 6:20, Craig Smith (MAN) for Tripping (Minor) at 19:49

3rd period

8. Harfangs , Victor Bartley 5 (Jimmy Hayes 65, Brock Nelson 14) at 0:19 (PP)
9. Harfangs , Michael Bournival 32 (Colton Sissons 15) at 5:39
10. Monarchs , Max Domi 27 (Will Butcher 26, Nathan Paetsch 27) at 12:45 (PP)

Penalties :
Zac Leslie (MAN) for Tripping (Minor) at 10:31, Tomas Kubalik (BEA) for Hooking (Minor) at 11:00, Steve McCarthy (BEA) for Charging (Minor) at 18:21

Goalie Stats

Mark Visentin (BEA), 26 saves from 30 shots - (0.867), W, 5-8-1, 60:00 minutes
Antti Raanta (MAN), 17 saves from 18 shots - (0.944), 19:41 minutes
Ilya Bryzgalov (MAN), 17 saves from 22 shots - (0.773), L, 12-8-1, 40:19 minutes

Players Stats for Harfangs

Player Name              G  A  P  +/- PIM S  H  SB GA TA FO     MP     PP MP  PK MP  
------------------------------------------------------------------------------------
Andreas Martinsen        1  0  1   1  0   4  1  1  1  0  0/0     9:41   0:00   0:50 
Blake Heinrich           0  0  0   0  0   0  0  0  0  0  0/0     5:42   0:00   0:00 
Brendan Leipsic          0  0  0   0  0   0  0  0  0  0  0/0     1:18   0:00   1:14 
Brenden Kichton          0  0  0   0  0   1  0  0  0  0  0/0     5:42   0:00   0:00 
Brock Nelson             1  1  2   1  0   7  2  1  1  0  1/1    21:45   0:55   1:57 
Calle Jarnkrok           0  3  3   1  0   2  2  1  0  0  19/35  18:56   0:55   0:00 
Colton Sissons           0  1  1   0  0   3  1  1  0  0  3/5    11:53   0:00   0:00 
Cristoval Nieves         0  0  0   1  0   2  0  0  0  0  0/1     8:51   0:00   0:00 
Dustin Jeffrey           0  1  1  -1  0   1  2  0  0  1  0/0    14:58   0:09   0:00 
Dylan Olsen              0  0  0  -2  0   1  1  1  1  0  0/0    18:38   0:00   1:22 
Erik Nystrom             0  0  0   0  0   0  0  0  0  0  0/0     0:30   0:00   0:00 
Garnet Hathaway          0  0  0   0  2   2  2  0  0  0  0/0    12:41   0:00   0:30 
Jake Dotchin             0  0  0   3  0   0  0  1  0  0  0/0    11:31   0:00   0:16 
Jimmy Hayes              1  1  2   1  0   2  0  0  1  3  1/3    21:37   0:55   1:48 
Laurent Dauphin          0  0  0   0  0   0  0  0  0  0  0/0     0:00   0:00   0:00 
Mark Alt                 0  0  0  -2  0   0  0  0  0  0  0/0    18:38   0:00   1:22 
Michael Bournival        1  0  1   0  0   5  0  0  1  0  0/1    11:53   0:00   0:00 
Morgan Klimchuk          0  0  0   0  0   0  0  0  0  0  0/0     0:22   0:00   0:00 
Oscar Sundqvist          0  1  1  -1  0   1  0  0  0  0  2/7    15:25   0:09   0:27 
Reid McNeill             0  0  0   3  0   0  0  1  0  0  0/0    12:01   0:00   0:46 
Rinat Valiev             0  0  0   0  0   0  0  0  0  0  0/0     0:00   0:00   0:00 
Ryan Hartman             0  0  0   1  0   0  1  0  2  0  0/0     8:51   0:00   0:00 
Steve McCarthy           0  2  2   0  2   5  1  0  0  1  0/0    23:22   1:04   1:28 
Tomas Kubalik            1  0  1  -1  2   3  0  0  0  0  0/0    15:55   0:08   0:58 
Victor Bartley           1  0  1   0  0   1  2  0  1  3  0/0    24:25   1:04   2:30 

Players Stats for Monarchs

Player Name              G  A  P  +/- PIM S  H  SB GA TA FO     MP     PP MP  PK MP  
------------------------------------------------------------------------------------
Anthony Peluso           0  0  0   0  0   0  0  0  0  0  0/0     0:03   0:00   0:00 
Bo Horvat                1  0  1  -1  0   2  3  0  0  0  5/11   18:37   2:12   0:00 
Brandon Pirri            0  0  0  -1  0   3  1  0  1  0  0/0     6:50   0:09   0:00 
Colin Smith              0  0  0   0  0   0  0  0  0  0  0/0     0:00   0:00   0:00 
Connor Clifton           0  0  0   0  0   0  0  0  0  0  0/0     0:00   0:00   0:00 
Craig Smith              1  0  1   0  2   4  0  2  1  1  1/1    19:26   1:57   0:00 
Daultan Leveillé         0  1  1   0  0   3  0  2  0  0  12/23  18:02   1:31   1:04 
Eric Fehr                1  0  1   0  0   4  0  0  1  0  0/0    10:36   0:00   0:00 
Frederik Gauthier        0  0  0   0  0   0  0  0  0  0  3/4    10:39   0:09   1:04 
Joe Morrow               0  0  0   0  0   0  0  0  0  1  0/0     5:01   0:00   0:00 
Josh Manson              0  0  0  -2  0   0  2  3  0  2  0/0    17:23   0:00   0:00 
Jujhar Khaira            0  0  0   0  2   0  1  0  0  0  1/3    14:33   1:31   0:00 
Max Domi                 1  0  1   0  0   3  4  1  1  0  0/1    21:19   2:12   0:00 
Mike Hoffman             0  0  0   0  0   0  0  0  0  0  0/0     0:21   0:00   0:00 
Mike Reilly              0  0  0   2  0   1  0  0  0  0  0/0    15:14   2:23   0:00 
Nathan Paetsch           0  1  1  -1  0   1  1  0  1  2  0/0    22:39   1:29   1:04 
Robert Hagg              0  0  0  -2  0   0  0  1  0  2  0/0    18:10   0:00   1:04 
Ryan White               0  0  0   0  0   0  0  0  2  0  5/9    12:58   0:00   0:00 
Taylor Beck              0  1  1  -1  0   2  1  0  0  0  0/0    17:53   1:23   0:00 
Tom Wilson               0  1  1   0  0   3  3  0  0  0  0/1    17:56   1:31   0:00 
Valentin Zykov           0  0  0   0  0   2  1  0  0  0  0/0     9:26   0:00   0:00 
Will Butcher             0  1  1  -1  0   1  0  0  1  0  0/0    22:28   2:38   0:00 
Zac Leslie               0  2  2   2  2   1  2  2  0  0  0/0    17:49   0:15   0:00 
Zach Redmond             0  0  0   0  0   0  0  0  0  0  0/0     0:00   0:00   0:00 

3 Stars

1 - Calle Jarnkrok (BEA)
2 - Brock Nelson (BEA)
3 - Jimmy Hayes (BEA)

Power Play

Harfangs - 2 on 3 Attempt(s) - 66.67%
Monarchs - 1 on 3 Attempt(s) - 33.33%

Penalty Kill

Harfangs - 2 on 3 Attempt(s) - 66.67% - Score 0 goal in Penalty Kill
Monarchs - 1 on 3 Attempt(s) - 33.33% - Score 0 goal in Penalty Kill

Team Stat

Harfangs - Hits : 15 - Faceoff Wins : 26 - Blocked Shots : 7 - Penalty Minutes : 6
Monarchs - Hits : 19 - Faceoff Wins : 27 - Blocked Shots : 11 - Penalty Minutes : 6

Official

Referees : Unknown
Linesman : Unknown

Game Notes

Brandon Pirri is injured at 4:49 of 2nd period (Bruised Left Arm)
Antti Raanta enters game at 0:19 of 3rd period

Finance

Level 1 -- Attendance: 1467 (73.35%) -- Ticket Income $58,680
Level 2 -- Attendance: 713 (71.30%) -- Ticket Income $14,260
Total Attendance: 2180 (72.67%)
Total Ticket Income: $72,940
Other Income: $3,647
Total Income: $76,587

Harfangs

5 vs 5 Forward 
   Center                   Left Wing                Right Wing               Time % Phy DF OF 
 1 Calle Jarnkrok           Brock Nelson             Jimmy Hayes              40     1   2  2  
 2 Oscar Sundqvist          Dustin Jeffrey           Tomas Kubalik            30     1   2  2  
 3 Colton Sissons           Michael Bournival        Garnet Hathaway          20     1   2  2  
 4 Cristoval Nieves         Andreas Martinsen        Ryan Hartman             10     1   2  2  

5 vs 5 Defense 
   Defense                  Defense                                           Time % Phy DF OF 
 1 Steve McCarthy           Victor Bartley                                    40     1   2  2  
 2 Dylan Olsen              Mark Alt                                          30     1   2  2  
 3 Reid McNeill             Jake Dotchin                                      20     1   2  2  
 4 Brenden Kichton          Blake Heinrich                                    10     1   2  2  

PowerPlay Forward 
   Center                   Left Wing                Right Wing               Time % Phy DF OF 
 1 Calle Jarnkrok           Brock Nelson             Jimmy Hayes              60     1   2  2  
 2 Oscar Sundqvist          Dustin Jeffrey           Tomas Kubalik            40     1   2  2  

PowerPlay Defense
   Defense                  Defense                                           Time % Phy DF OF 
 1 Steve McCarthy           Victor Bartley                                    60     1   2  2  
 2 Dylan Olsen              Mark Alt                                          40     1   2  2  

Penalty Kill 4 Players Forward 
   Center                   Wing                     Time % Phy DF OF 
 1 Jimmy Hayes              Brock Nelson             60     1   2  2  
 2 Tomas Kubalik            Garnet Hathaway          40     1   2  2  

Penalty Kill 4 Players Defense
   Defense                  Defense                  Time % Phy DF OF 
 1 Steve McCarthy           Victor Bartley           60     1   2  2  
 2 Dylan Olsen              Mark Alt                 40     1   2  2  

Penalty Kill - 3 Players Forward 
   Forward                                           Time % Phy DF OF 
 1 Jimmy Hayes                                       60     1   2  2  
 2 Brock Nelson                                      40     1   2  2  

Penalty Kill - 3 Players Defense
   Defense                  Defense                  Time % Phy DF OF 
 1 Steve McCarthy           Victor Bartley           60     1   2  2  
 2 Dylan Olsen              Mark Alt                 40     1   2  2  

4 vs 4 Forward 
   Center                   Wing                     Time % Phy DF OF 
 1 Jimmy Hayes              Brock Nelson             60     1   2  2  
 2 Tomas Kubalik            Garnet Hathaway          40     1   2  2  

4 vs 4 Defense
   Defense                  Defense                  Time % Phy DF OF 
 1 Steve McCarthy           Victor Bartley           60     1   2  2  
 2 Dylan Olsen              Mark Alt                 40     1   2  2  

Last Minutes Offensive
   Center                   Left Wing                Right Wing               Defense                  Defense                  
   Calle Jarnkrok           Brock Nelson             Jimmy Hayes              Steve McCarthy           Victor Bartley           

Last Minutes Defensive
   Center                   Left Wing                Right Wing               Defense                  Defense                  
   Calle Jarnkrok           Brock Nelson             Jimmy Hayes              Steve McCarthy           Victor Bartley           

Goaltenders
Starting : Mark Visentin            
Backup : Zachary Fucale           

Extra Forwards
Normal : Erik Nystrom, Morgan Klimchuk, Brendan Leipsic - PP : Erik Nystrom, Morgan Klimchuk - PK : Brendan Leipsic
Extra Defensemen
Normal : Rinat Valiev, Reid McNeill, Jake Dotchin - PP : Rinat Valiev - PK : Reid McNeill, Jake Dotchin
Penalty Shots
Jimmy Hayes, Brock Nelson, Tomas Kubalik, Garnet Hathaway, Dustin Jeffrey

Scratches
Nick Sorensen (Healthy), Steve Ott (Broken Left Thumb Injury), Jeff Petry (Torn Right ACL Injury), Jason Kasdorf (Healthy), Scott Wedgewood (Healthy)

Monarchs

5 vs 5 Forward 
   Center                   Left Wing                Right Wing               Time % Phy DF OF 
 1 Daultan Leveillé         Max Domi                 Craig Smith              35     0   2  3  
 2 Bo Horvat                Taylor Beck              Brandon Pirri            30     0   2  3  
 3 Ryan White               Jujhar Khaira            Tom Wilson               25     2   1  2  
 4 Frederik Gauthier        Valentin Zykov           Eric Fehr                10     0   3  2  

5 vs 5 Defense 
   Defense                  Defense                                           Time % Phy DF OF 
 1 Nathan Paetsch           Will Butcher                                      35     0   3  2  
 2 Josh Manson              Robert Hagg                                       30     2   3  0  
 3 Zac Leslie               Mike Reilly                                       25     1   3  1  
 4 Joe Morrow               Zac Leslie                                        10     1   3  1  

PowerPlay Forward 
   Center                   Left Wing                Right Wing               Time % Phy DF OF 
 1 Bo Horvat                Max Domi                 Craig Smith              60     0   1  4  
 2 Daultan Leveillé         Jujhar Khaira            Tom Wilson               40     2   0  3  

PowerPlay Defense
   Defense                  Defense                                           Time % Phy DF OF 
 1 Mike Reilly              Will Butcher                                      60     0   2  3  
 2 Taylor Beck              Nathan Paetsch                                    40     0   2  3  

Penalty Kill 4 Players Forward 
   Center                   Wing                     Time % Phy DF OF 
 1 Daultan Leveillé         Frederik Gauthier        60     1   3  1  
 2 Craig Smith              Jujhar Khaira            40     1   3  1  

Penalty Kill 4 Players Defense
   Defense                  Defense                  Time % Phy DF OF 
 1 Robert Hagg              Nathan Paetsch           60     1   4  0  
 2 Zac Leslie               Josh Manson              40     1   4  0  

Penalty Kill - 3 Players Forward 
   Forward                                           Time % Phy DF OF 
 1 Daultan Leveillé                                  60     1   4  0  
 2 Craig Smith                                       40     1   4  0  

Penalty Kill - 3 Players Defense
   Defense                  Defense                  Time % Phy DF OF 
 1 Nathan Paetsch           Robert Hagg              60     0   5  0  
 2 Zac Leslie               Josh Manson              40     0   5  0  

4 vs 4 Forward 
   Center                   Wing                     Time % Phy DF OF 
 1 Craig Smith              Eric Fehr                60     1   2  2  
 2 Daultan Leveillé         Max Domi                 40     1   2  2  

4 vs 4 Defense
   Defense                  Defense                  Time % Phy DF OF 
 1 Nathan Paetsch           Will Butcher             60     1   2  2  
 2 Robert Hagg              Josh Manson              40     1   2  2  

Last Minutes Offensive
   Center                   Left Wing                Right Wing               Defense                  Defense                  
   Daultan Leveillé         Max Domi                 Craig Smith              Will Butcher             Mike Reilly              

Last Minutes Defensive
   Center                   Left Wing                Right Wing               Defense                  Defense                  
   Daultan Leveillé         Jujhar Khaira            Craig Smith              Robert Hagg              Nathan Paetsch           

Goaltenders
Starting : Ilya Bryzgalov           
Backup : Antti Raanta             

Extra Forwards
Normal : Bo Horvat, Max Domi, Tom Wilson - PP : Frederik Gauthier, Daultan Leveillé - PK : Ryan White
Extra Defensemen
Normal : Will Butcher, Josh Manson, Robert Hagg - PP : Mike Reilly - PK : Josh Manson, Will Butcher
Penalty Shots
Brandon Pirri, Craig Smith, Eric Fehr, Taylor Beck, Bo Horvat

Scratches
Joel Armia (Back Spasms Injury), Tyler Beskorowany (Healthy)

% Time on Ice - Harfangs

Lines # - Real PCT - Wanted PCT - Time Play
Normal Forward
1 - 34% - 40% - 18:01
2 - 28% - 30% - 14:49
3 - 22% - 20% - 11:53
4 - 17% - 10% - 8:51
Normal Defense
1 - 37% - 40% - 20:03
2 - 31% - 30% - 16:34
3 - 21% - 20% - 11:15
4 - 11% - 10% - 5:42
PP Forward
1 - 86% - 60% - 0:55
2 - 14% - 40% - 0:09
PP Defense
1 - 100% - 60% - 1:04
2 - 0% - 40% - 0:00
PK Forward
1 - 72% - 60% - 2:47
2 - 28% - 40% - 1:05
PK Defense
1 - 65% - 60% - 2:30
2 - 35% - 40% - 1:22
PK3 Forward
1 - 0% - 60%
2 - 0% - 40%
PK3 Defense
1 - 0% - 60%
2 - 0% - 40%
44 Forward
1 - 79% - 60% - 1:11
2 - 21% - 40% - 0:19
44 Defense
1 - 53% - 60% - 0:48
2 - 47% - 40% - 0:42
Last Minute Offensive  - 0:00
Last Minute Defensive  - 0:00
Total
Forward - 60:00
Defense - 60:00

% Time on Ice - Monarchs

Lines # - Real PCT - Wanted PCT - Time Play
Normal Forward
1 - 28% - 35% - 15:00
2 - 30% - 30% - 16:10
3 - 24% - 25% - 12:58
4 - 18% - 10% - 9:26
Normal Defense
1 - 35% - 35% - 18:53
2 - 31% - 30% - 16:49
3 - 24% - 25% - 12:51
4 - 9% - 10% - 5:01
PP Forward
1 - 61% - 60% - 2:21
2 - 39% - 40% - 1:31
PP Defense
1 - 68% - 60% - 2:38
2 - 32% - 40% - 1:14
PK Forward
1 - 100% - 60% - 1:04
2 - 0% - 40% - 0:00
PK Defense
1 - 100% - 60% - 1:04
2 - 0% - 40% - 0:00
PK3 Forward
1 - 0% - 60%
2 - 0% - 40%
PK3 Defense
1 - 0% - 60%
2 - 0% - 40%
44 Forward
1 - 76% - 60% - 1:08
2 - 24% - 40% - 0:22
44 Defense
1 - 63% - 60% - 0:57
2 - 37% - 40% - 0:33
Last Minute Offensive  - 0:00
Last Minute Defensive  - 0:00
Total
Forward - 60:00
Defense - 60:00

Play-by-Play

1st period


0:01 of 1st period - Daultan Leveillé wins face-off versus Calle Jarnkrok in neutral zone.
0:35 of 1st period - Snap shot by Tomas Kubalik.
0:35 of 1st period - Stopped by Ilya Bryzgalov with a rebound.
0:47 of 1st period - Dylan Olsen is hit by Josh Manson.
0:51 of 1st period - Josh Manson is hit by Colton Sissons and loses puck.
1:16 of 1st period - Wrist shot by Cristoval Nieves.
1:16 of 1st period - Stopped by Ilya Bryzgalov with a rebound.
1:18 of 1st period - Slapshot by Mark Alt.
1:18 of 1st period - Shot Misses the Net.
1:30 of 1st period - Wrist shot by Craig Smith.
1:30 of 1st period - Stopped by Mark Visentin without a rebound.
1:31 of 1st period - Daultan Leveillé wins face-off versus Calle Jarnkrok in Harfangs zone.
1:53 of 1st period - Icing by Reid McNeill.
1:54 of 1st period - Bo Horvat wins face-off versus Oscar Sundqvist in Harfangs zone.
1:57 of 1st period - Slapshot by Brandon Pirri.
1:57 of 1st period - Stopped by Mark Visentin with a rebound.
2:06 of 1st period - Wrist shot by Tomas Kubalik.
2:06 of 1st period - Goal by Tomas Kubalik - Harfangs : 1 - Monarchs : 0.
2:07 of 1st period - Colton Sissons wins face-off versus Ryan White in neutral zone.
2:32 of 1st period - Victor Bartley is hit by Brandon Pirri and loses puck.
3:05 of 1st period - Wrist shot by Craig Smith.
3:05 of 1st period - Shot Misses the Net.
3:25 of 1st period - Snap shot by Eric Fehr.
3:25 of 1st period - Stopped by Mark Visentin with a rebound.
3:41 of 1st period - Wrist shot by Garnet Hathaway.
3:41 of 1st period - Shot Misses the Net.
3:59 of 1st period - Slapshot by Bo Horvat.
3:59 of 1st period - Stopped by Mark Visentin without a rebound.
4:00 of 1st period - Calle Jarnkrok wins face-off versus Bo Horvat in Harfangs zone.
4:00 of 1st period - Calle Jarnkrok is hit by Taylor Beck.
4:33 of 1st period - Snap shot by Cristoval Nieves.
4:33 of 1st period - Stopped by Ilya Bryzgalov with a rebound.
4:35 of 1st period - Snap shot by Cristoval Nieves.
4:35 of 1st period - Shot Misses the Net.
4:59 of 1st period - Slapshot by Max Domi.
4:59 of 1st period - Shot Misses the Net.
5:15 of 1st period - Snap shot by Daultan Leveillé.
5:15 of 1st period - Stopped by Mark Visentin with a rebound.
5:17 of 1st period - Slapshot by Zac Leslie.
5:17 of 1st period - Deflect By Craig Smith.
5:17 of 1st period - Stopped by Mark Visentin with a rebound.
5:19 of 1st period - Slapshot by Daultan Leveillé.
5:19 of 1st period - Stopped by Mark Visentin with a rebound.
6:15 of 1st period - Snap shot by Daultan Leveillé.
6:15 of 1st period - Stopped by Mark Visentin with a rebound.
6:17 of 1st period - Snap shot by Craig Smith.
6:17 of 1st period - Shot Misses the Net.
6:19 of 1st period - Snap shot by Zac Leslie.
6:19 of 1st period - Stopped by Mark Visentin with a rebound.
6:21 of 1st period - Slapshot by Zac Leslie.
6:21 of 1st period - Shot Misses the Net.
6:23 of 1st period - Wrist shot by Daultan Leveillé.
6:23 of 1st period - Shot Misses the Net.
6:25 of 1st period - Wrist shot by Craig Smith.
6:25 of 1st period - Shot Blocked by Dylan Olsen.
6:27 of 1st period - Slapshot by Craig Smith.
6:27 of 1st period - Goal by Craig Smith - Harfangs : 1 - Monarchs : 1.
6:28 of 1st period - Calle Jarnkrok wins face-off versus Bo Horvat in neutral zone.
6:32 of 1st period - Off-side.
6:33 of 1st period - Bo Horvat wins face-off versus Calle Jarnkrok in neutral zone.
6:40 of 1st period - Snap shot by Brandon Pirri.
6:40 of 1st period - Shot Misses the Net.
7:45 of 1st period - Wrist shot by Taylor Beck.
7:45 of 1st period - Stopped by Mark Visentin without a rebound.
7:46 of 1st period - Calle Jarnkrok wins face-off versus Bo Horvat in Harfangs zone.
8:17 of 1st period - Snap shot by Garnet Hathaway.
8:17 of 1st period - Stopped by Ilya Bryzgalov without a rebound.
8:18 of 1st period - Ryan White wins face-off versus Colton Sissons in Monarchs zone.
8:51 of 1st period - Slapshot by Jimmy Hayes.
8:51 of 1st period - Stopped by Ilya Bryzgalov without a rebound.
8:52 of 1st period - Calle Jarnkrok wins face-off versus Ryan White in Monarchs zone.
9:01 of 1st period - Snap shot by Brock Nelson.
9:01 of 1st period - Shot Blocked by Josh Manson.
9:03 of 1st period - Wrist shot by Jimmy Hayes.
9:03 of 1st period - Shot Misses the Net.
9:39 of 1st period - Off-side.
9:40 of 1st period - Oscar Sundqvist wins face-off versus Daultan Leveillé in neutral zone.
9:51 of 1st period - Snap shot by Tomas Kubalik.
9:51 of 1st period - Stopped by Ilya Bryzgalov without a rebound.
9:52 of 1st period - Calle Jarnkrok wins face-off versus Jujhar Khaira in Monarchs zone.
9:53 of 1st period - Wrist shot by Jimmy Hayes.
9:53 of 1st period - Shot Misses the Net.
10:07 of 1st period - Snap shot by Brock Nelson.
10:07 of 1st period - Stopped by Ilya Bryzgalov with a rebound.
10:23 of 1st period - Wrist shot by Andreas Martinsen.
10:23 of 1st period - Goal by Andreas Martinsen - Harfangs : 2 - Monarchs : 1.
10:24 of 1st period - Calle Jarnkrok wins face-off versus Jujhar Khaira in neutral zone.
10:33 of 1st period - Jake Dotchin is hit by Josh Manson and loses puck.
11:03 of 1st period - Snap shot by Brandon Pirri.
11:03 of 1st period - Shot Blocked by Calle Jarnkrok.
11:38 of 1st period - Snap shot by Eric Fehr.
11:38 of 1st period - Shot Misses the Net.
11:44 of 1st period - Snap shot by Eric Fehr.
11:44 of 1st period - Stopped by Mark Visentin without a rebound.
11:45 of 1st period - Jujhar Khaira wins face-off versus Oscar Sundqvist in Harfangs zone.
12:10 of 1st period - Steve McCarthy is hit by Bo Horvat and loses puck.
12:17 of 1st period - Slapshot by Bo Horvat.
12:17 of 1st period - Shot Misses the Net.
12:19 of 1st period - Slapshot by Robert Hagg.
12:19 of 1st period - Deflect By Brandon Pirri.
12:19 of 1st period - Stopped by Mark Visentin with a rebound.
12:21 of 1st period - Slapshot by Josh Manson.
12:21 of 1st period - Deflect By Brandon Pirri.
12:21 of 1st period - Stopped by Mark Visentin without a rebound.
12:22 of 1st period - Calle Jarnkrok wins face-off versus Daultan Leveillé in Harfangs zone.
14:03 of 1st period - Slapshot by Jimmy Hayes.
14:03 of 1st period - Shot Misses the Net.
14:05 of 1st period - Snap shot by Jimmy Hayes.
14:05 of 1st period - Shot Blocked by Zac Leslie.
14:21 of 1st period - Snap shot by Michael Bournival.
14:21 of 1st period - Stopped by Ilya Bryzgalov with a rebound.
14:23 of 1st period - Slapshot by Brenden Kichton.
14:23 of 1st period - Stopped by Ilya Bryzgalov with a rebound.
14:25 of 1st period - Wrist shot by Michael Bournival.
14:25 of 1st period - Shot Misses the Net.
14:56 of 1st period - Snap shot by Eric Fehr.
14:56 of 1st period - Deflect By Frederik Gauthier.
14:56 of 1st period - Deflect By Reid McNeill.
14:56 of 1st period - Shot Blocked by Reid McNeill.
14:56 of 1st period - Puck is out of play.
14:57 of 1st period - Frederik Gauthier wins face-off versus Oscar Sundqvist in Harfangs zone.
15:31 of 1st period - Wrist shot by Brock Nelson.
15:31 of 1st period - Goal by Brock Nelson - Harfangs : 3 - Monarchs : 1.
15:32 of 1st period - Daultan Leveillé wins face-off versus Calle Jarnkrok in neutral zone.
15:41 of 1st period - Wrist shot by Brock Nelson.
15:41 of 1st period - Shot Blocked by Craig Smith.
16:58 of 1st period - Craig Smith is hit by Brock Nelson and loses puck.
17:46 of 1st period - Wrist shot by Bo Horvat.
17:46 of 1st period - Goal by Bo Horvat - Harfangs : 3 - Monarchs : 2.
17:47 of 1st period - Bo Horvat wins face-off versus Calle Jarnkrok in neutral zone.
18:13 of 1st period - Oscar Sundqvist is hit by Tom Wilson and loses puck.
18:32 of 1st period - Wrist shot by Andreas Martinsen.
18:32 of 1st period - Shot Blocked by Josh Manson.
18:50 of 1st period - Josh Manson is hit by Ryan Hartman.
19:00 of 1st period - Wrist shot by Garnet Hathaway.
19:00 of 1st period - Shot Misses the Net.
19:02 of 1st period - Slapshot by Colton Sissons.
19:02 of 1st period - Stopped by Ilya Bryzgalov with a rebound.
19:04 of 1st period - Wrist shot by Michael Bournival.
19:04 of 1st period - Shot Misses the Net.
19:06 of 1st period - Wrist shot by Garnet Hathaway.
19:06 of 1st period - Shot Blocked by Robert Hagg.
Goals for this period are 3 for Harfangs vs 2 for Monarchs .
Shots for this period are 13 for Harfangs vs 15 for Monarchs .

2nd period


0:01 of 2nd period - Calle Jarnkrok wins face-off versus Bo Horvat in neutral zone.
0:23 of 2nd period - Icing by Brock Nelson.
0:24 of 2nd period - Daultan Leveillé wins face-off versus Calle Jarnkrok in Harfangs zone.
0:51 of 2nd period - Brandon Pirri is hit by Victor Bartley and loses puck.
1:11 of 2nd period - Snap shot by Eric Fehr.
1:11 of 2nd period - Goal by Eric Fehr - Harfangs : 3 - Monarchs : 3.
1:12 of 2nd period - Daultan Leveillé wins face-off versus Calle Jarnkrok in neutral zone.
1:17 of 2nd period - Wrist shot by Craig Smith.
1:17 of 2nd period - Stopped by Mark Visentin without a rebound.
1:18 of 2nd period - Calle Jarnkrok wins face-off versus Daultan Leveillé in Harfangs zone.
2:00 of 2nd period - Minor Penalty to Garnet Hathaway for Tripping.
2:01 of 2nd period - Bo Horvat wins face-off versus Jimmy Hayes in Harfangs zone.
2:28 of 2nd period - Brock Nelson is hit by Tom Wilson and loses puck.
4:00 of 2nd period - Penalty to Garnet Hathaway is over, Garnet Hathaway is back on ice.
4:15 of 2nd period - Snap shot by Michael Bournival.
4:15 of 2nd period - Stopped by Ilya Bryzgalov without a rebound.
4:16 of 2nd period - Frederik Gauthier wins face-off versus Michael Bournival in Monarchs zone.
4:28 of 2nd period - Garnet Hathaway is hit by Valentin Zykov and loses puck.
4:48 of 2nd period - Brandon Pirri is hit by Garnet Hathaway and loses puck.
4:49 of 2nd period - Brandon Pirri from Monarchs is injured at 4:49 of 2nd period (Bruised Left Arm).
4:50 of 2nd period - Calle Jarnkrok wins face-off versus Daultan Leveillé in Monarchs zone.
4:59 of 2nd period - Slapshot by Jimmy Hayes.
4:59 of 2nd period - Shot Misses the Net.
5:03 of 2nd period - Wrist shot by Brock Nelson.
5:03 of 2nd period - Stopped by Ilya Bryzgalov with a rebound.
5:05 of 2nd period - Slapshot by Steve McCarthy.
5:05 of 2nd period - Shot Blocked by Craig Smith.
5:22 of 2nd period - Tom Wilson is hit by Dylan Olsen and loses puck.
6:00 of 2nd period - Snap shot by Cristoval Nieves.
6:00 of 2nd period - Shot Misses the Net.
6:20 of 2nd period - Minor Penalty to Jujhar Khaira for Hooking.
6:21 of 2nd period - Calle Jarnkrok wins face-off versus Daultan Leveillé in Monarchs zone.
6:21 of 2nd period - Slapshot by Jimmy Hayes.
6:21 of 2nd period - Shot Blocked by Daultan Leveillé.
6:23 of 2nd period - Slapshot by Steve McCarthy.
6:23 of 2nd period - Stopped by Ilya Bryzgalov with a rebound.
6:25 of 2nd period - Slapshot by Jimmy Hayes.
6:25 of 2nd period - Goal by Jimmy Hayes - Harfangs : 4 - Monarchs : 3.
6:26 of 2nd period - Calle Jarnkrok wins face-off versus Daultan Leveillé in neutral zone.
7:21 of 2nd period - Snap shot by Dustin Jeffrey.
7:21 of 2nd period - Shot Blocked by Zac Leslie.
7:23 of 2nd period - Wrist shot by Colton Sissons.
7:23 of 2nd period - Stopped by Ilya Bryzgalov with a rebound.
7:30 of 2nd period - Snap shot by Michael Bournival.
7:30 of 2nd period - Stopped by Ilya Bryzgalov without a rebound.
7:31 of 2nd period - Calle Jarnkrok wins face-off versus Daultan Leveillé in Monarchs zone.
8:25 of 2nd period - Snap shot by Andreas Martinsen.
8:25 of 2nd period - Stopped by Ilya Bryzgalov without a rebound.
8:26 of 2nd period - Bo Horvat wins face-off versus Cristoval Nieves in Monarchs zone.
8:31 of 2nd period - Snap shot by Andreas Martinsen.
8:31 of 2nd period - Shot Misses the Net.
8:43 of 2nd period - Reid McNeill is hit by Bo Horvat and loses puck.
8:50 of 2nd period - Reid McNeill is hit by Max Domi and loses puck.
9:09 of 2nd period - Slapshot by Nathan Paetsch.
9:09 of 2nd period - Shot Misses the Net.
9:19 of 2nd period - Slapshot by Nathan Paetsch.
9:19 of 2nd period - Stopped by Mark Visentin with a rebound.
9:21 of 2nd period - Slapshot by Nathan Paetsch.
9:21 of 2nd period - Shot Blocked by Andreas Martinsen.
9:23 of 2nd period - Wrist shot by Bo Horvat.
9:23 of 2nd period - Shot Misses the Net.
9:29 of 2nd period - Snap shot by Max Domi.
9:29 of 2nd period - Shot Misses the Net.
9:31 of 2nd period - Wrist shot by Max Domi.
9:31 of 2nd period - Stopped by Mark Visentin with a rebound.
9:33 of 2nd period - Wrist shot by Bo Horvat.
9:33 of 2nd period - Shot Misses the Net.
9:35 of 2nd period - Slapshot by Max Domi.
9:35 of 2nd period - Shot Misses the Net.
9:37 of 2nd period - Wrist shot by Taylor Beck.
9:37 of 2nd period - Stopped by Mark Visentin without a rebound.
9:38 of 2nd period - Ryan White wins face-off versus Calle Jarnkrok in Harfangs zone.
11:12 of 2nd period - Reid McNeill is hit by Zac Leslie and loses puck.
11:33 of 2nd period - Wrist shot by Michael Bournival.
11:33 of 2nd period - Stopped by Ilya Bryzgalov with a rebound.
13:04 of 2nd period - Dustin Jeffrey is hit by Jujhar Khaira and loses puck.
13:31 of 2nd period - Andreas Martinsen is hit by Bo Horvat and loses puck.
13:42 of 2nd period - Brock Nelson is hit by Nathan Paetsch and loses puck.
16:17 of 2nd period - Zac Leslie is hit by Calle Jarnkrok and loses puck.
17:21 of 2nd period - Off-side.
17:22 of 2nd period - Frederik Gauthier wins face-off versus Calle Jarnkrok in neutral zone.
17:48 of 2nd period - Dylan Olsen is hit by Max Domi and loses puck.
19:35 of 2nd period - Snap shot by Jimmy Hayes.
19:35 of 2nd period - Shot Blocked by Josh Manson.
19:49 of 2nd period - Minor Penalty to Craig Smith for Tripping.
19:50 of 2nd period - Calle Jarnkrok wins face-off versus Daultan Leveillé in Monarchs zone.
19:53 of 2nd period - Wrist shot by Brock Nelson.
19:53 of 2nd period - Shot Misses the Net.
Goals for this period are 1 for Harfangs vs 1 for Monarchs .
Shots for this period are 8 for Harfangs vs 5 for Monarchs .

3rd period


0:01 of 3rd period - Daultan Leveillé wins face-off versus Calle Jarnkrok in neutral zone.
0:03 of 3rd period - Off-side.
0:04 of 3rd period - Calle Jarnkrok wins face-off versus Daultan Leveillé in neutral zone.
0:17 of 3rd period - Backhand shot by Jimmy Hayes.
0:17 of 3rd period - Shot Misses the Net.
0:19 of 3rd period - Slapshot by Victor Bartley.
0:19 of 3rd period - Goal by Victor Bartley - Harfangs : 5 - Monarchs : 3.
0:19 of 3rd period - Antti Raanta enters game.
0:20 of 3rd period - Daultan Leveillé wins face-off versus Calle Jarnkrok in neutral zone.
0:45 of 3rd period - Ryan White is hit by Dustin Jeffrey and loses puck.
1:13 of 3rd period - Taylor Beck is hit by Garnet Hathaway and loses puck.
1:44 of 3rd period - Frederik Gauthier is hit by Calle Jarnkrok and loses puck.
1:53 of 3rd period - Slapshot by Eric Fehr.
1:53 of 3rd period - Stopped by Mark Visentin without a rebound.
1:54 of 3rd period - Ryan White wins face-off versus Oscar Sundqvist in Harfangs zone.
2:46 of 3rd period - Wrist shot by Brock Nelson.
2:46 of 3rd period - Shot Misses the Net.
2:50 of 3rd period - Snap shot by Calle Jarnkrok.
2:50 of 3rd period - Shot Blocked by Max Domi.
2:52 of 3rd period - Slapshot by Calle Jarnkrok.
2:52 of 3rd period - Stopped by Antti Raanta with a rebound.
3:09 of 3rd period - Dylan Olsen is hit by Zac Leslie and loses puck.
3:24 of 3rd period - Snap shot by Valentin Zykov.
3:24 of 3rd period - Stopped by Mark Visentin with a rebound.
3:38 of 3rd period - Dylan Olsen is hit by Max Domi and loses puck.
4:50 of 3rd period - Snap shot by Cristoval Nieves.
4:50 of 3rd period - Shot Misses the Net.
4:52 of 3rd period - Slapshot by Dylan Olsen.
4:52 of 3rd period - Stopped by Antti Raanta without a rebound.
4:53 of 3rd period - Daultan Leveillé wins face-off versus Calle Jarnkrok in Monarchs zone.
5:37 of 3rd period - Slapshot by Steve McCarthy.
5:37 of 3rd period - Stopped by Antti Raanta without a rebound.
5:38 of 3rd period - Colton Sissons wins face-off versus Frederik Gauthier in Monarchs zone.
5:39 of 3rd period - Snap shot by Michael Bournival.
5:39 of 3rd period - Goal by Michael Bournival - Harfangs : 6 - Monarchs : 3.
5:40 of 3rd period - Daultan Leveillé wins face-off versus Calle Jarnkrok in neutral zone.
5:49 of 3rd period - Craig Smith is hit by Brock Nelson and loses puck.
6:15 of 3rd period - Snap shot by Oscar Sundqvist.
6:15 of 3rd period - Stopped by Antti Raanta without a rebound.
6:16 of 3rd period - Daultan Leveillé wins face-off versus Oscar Sundqvist in Monarchs zone.
6:21 of 3rd period - Slapshot by Craig Smith.
6:21 of 3rd period - Shot Blocked by Jake Dotchin.
6:50 of 3rd period - Wrist shot by Tom Wilson.
6:50 of 3rd period - Stopped by Mark Visentin with a rebound.
6:52 of 3rd period - Wrist shot by Tom Wilson.
6:52 of 3rd period - Stopped by Mark Visentin without a rebound.
6:53 of 3rd period - Daultan Leveillé wins face-off versus Colton Sissons in Harfangs zone.
7:08 of 3rd period - Wrist shot by Garnet Hathaway.
7:08 of 3rd period - Shot Misses the Net.
7:37 of 3rd period - Slapshot by Will Butcher.
7:37 of 3rd period - Stopped by Mark Visentin with a rebound.
7:43 of 3rd period - Taylor Beck is hit by Dustin Jeffrey and loses puck.
8:00 of 3rd period - Snap shot by Andreas Martinsen.
8:00 of 3rd period - Stopped by Antti Raanta with a rebound.
8:02 of 3rd period - Wrist shot by Andreas Martinsen.
8:02 of 3rd period - Stopped by Antti Raanta without a rebound.
8:03 of 3rd period - Ryan White wins face-off versus Calle Jarnkrok in Monarchs zone.
8:08 of 3rd period - Wrist shot by Ryan White.
8:08 of 3rd period - Shot Misses the Net.
8:18 of 3rd period - Snap shot by Calle Jarnkrok.
8:18 of 3rd period - Shot Misses the Net.
8:56 of 3rd period - Snap shot by Valentin Zykov.
8:56 of 3rd period - Stopped by Mark Visentin with a rebound.
8:58 of 3rd period - Slapshot by Valentin Zykov.
8:58 of 3rd period - Shot Blocked by Colton Sissons.
9:35 of 3rd period - Snap shot by Tom Wilson.
9:35 of 3rd period - Stopped by Mark Visentin with a rebound.
9:37 of 3rd period - Snap shot by Taylor Beck.
9:37 of 3rd period - Shot Blocked by Brock Nelson.
9:39 of 3rd period - Slapshot by Mike Reilly.
9:39 of 3rd period - Stopped by Mark Visentin with a rebound.
9:51 of 3rd period - Eric Fehr is hit by Steve McCarthy.
10:14 of 3rd period - Off-side.
10:15 of 3rd period - Calle Jarnkrok wins face-off versus Ryan White in neutral zone.
10:20 of 3rd period - Snap shot by Brock Nelson.
10:20 of 3rd period - Stopped by Antti Raanta with a rebound.
10:22 of 3rd period - Slapshot by Calle Jarnkrok.
10:22 of 3rd period - Shot Misses the Net.
10:31 of 3rd period - Minor Penalty to Zac Leslie for Tripping.
10:32 of 3rd period - Daultan Leveillé wins face-off versus Calle Jarnkrok in Monarchs zone.
10:42 of 3rd period - Slapshot by Brock Nelson.
10:42 of 3rd period - Stopped by Antti Raanta with a rebound.
10:44 of 3rd period - Slapshot by Steve McCarthy.
10:44 of 3rd period - Stopped by Antti Raanta with a rebound.
10:46 of 3rd period - Snap shot by Calle Jarnkrok.
10:46 of 3rd period - Stopped by Antti Raanta with a rebound.
10:48 of 3rd period - Snap shot by Jimmy Hayes.
10:48 of 3rd period - Shot Blocked by Daultan Leveillé.
11:00 of 3rd period - Minor Penalty to Tomas Kubalik for Hooking.
11:01 of 3rd period - Craig Smith wins face-off versus Jimmy Hayes in Harfangs zone.
11:48 of 3rd period - Slapshot by Max Domi.
11:48 of 3rd period - Stopped by Mark Visentin with a rebound.
12:31 of 3rd period - Penalty to Zac Leslie is over, Zac Leslie is back on ice.
12:45 of 3rd period - Snap shot by Max Domi.
12:45 of 3rd period - Goal by Max Domi - Harfangs : 6 - Monarchs : 4.
12:46 of 3rd period - Oscar Sundqvist wins face-off versus Ryan White in neutral zone.
13:43 of 3rd period - Wrist shot by Garnet Hathaway.
13:43 of 3rd period - Shot Misses the Net.
13:45 of 3rd period - Slapshot by Colton Sissons.
13:45 of 3rd period - Stopped by Antti Raanta with a rebound.
13:55 of 3rd period - Tom Wilson is hit by Andreas Martinsen and loses puck.
14:48 of 3rd period - Icing by Will Butcher.
14:49 of 3rd period - Calle Jarnkrok wins face-off versus Daultan Leveillé in Monarchs zone.
15:00 of 3rd period - Wrist shot by Jimmy Hayes.
15:00 of 3rd period - Shot Misses the Net.
15:02 of 3rd period - Snap shot by Steve McCarthy.
15:02 of 3rd period - Stopped by Antti Raanta without a rebound.
15:03 of 3rd period - Calle Jarnkrok wins face-off versus Bo Horvat in Monarchs zone.
15:33 of 3rd period - Snap shot by Dustin Jeffrey.
15:33 of 3rd period - Stopped by Antti Raanta without a rebound.
15:34 of 3rd period - Ryan White wins face-off versus Calle Jarnkrok in Monarchs zone.
16:01 of 3rd period - Mark Alt is hit by Max Domi and loses puck.
16:24 of 3rd period - Slapshot by Steve McCarthy.
16:24 of 3rd period - Deflect By Will Butcher.
16:24 of 3rd period - Stopped by Antti Raanta with a rebound.
17:23 of 3rd period - Snap shot by Garnet Hathaway.
17:23 of 3rd period - Stopped by Antti Raanta without a rebound.
17:24 of 3rd period - Colton Sissons wins face-off versus Bo Horvat in Monarchs zone.
17:43 of 3rd period - Slapshot by Brock Nelson.
17:43 of 3rd period - Stopped by Antti Raanta without a rebound.
17:44 of 3rd period - Brock Nelson wins face-off versus Daultan Leveillé in Monarchs zone.
17:57 of 3rd period - Wrist shot by Brock Nelson.
17:57 of 3rd period - Stopped by Antti Raanta without a rebound.
17:58 of 3rd period - Calle Jarnkrok wins face-off versus Tom Wilson in Monarchs zone.
18:21 of 3rd period - Minor Penalty to Steve McCarthy for Charging.
18:22 of 3rd period - Jimmy Hayes wins face-off versus Max Domi in Harfangs zone.
18:47 of 3rd period - Reid McNeill is hit by Tom Wilson and loses puck.
19:39 of 3rd period - Mike Reilly is hit by Victor Bartley and loses puck.
Goals for this period are 2 for Harfangs vs 1 for Monarchs .
Shots for this period are 19 for Harfangs vs 10 for Monarchs .